 Dungeon Sprint DCSS version 0.17-a0-1575-g9a29ec8 (webtiles) character file.

54 nuthulu the Cleaver (level 6, -12/67 HPs)
             Began as a Minotaur Berserker on July 26, 2015.
             Was an Elder of Trog.
             Killed from afar by a hell hound (16 damage)
             ... with a blast of flame
             ... in the Dungeon (Sprint VI: "Thunderdome").
             The game lasted 00:02:19 (438 turns).

nuthulu the Cleaver (Minotaur Berserker)             Turns: 438, Time: 00:02:19

Health: -12/67     AC:  2    Str: 24    XL:     6   Next: 24%
Magic:  5/5        EV: 13    Int: 10    God:    Trog [****..]
Gold:   22         SH:  0    Dex: 11    Spells: 0 memorised, 5 levels left

rFire  . . .     SeeInvis .     a - +0 hand axe
rCold  . . .     Clarity  .     b - +0 animal skin
rNeg   + . .     SustAt   .     (no shield)
rPois  .         Gourm    .     (helmet restricted)
rElec  .         Spirit   .     (no cloak)
rCorr  .         Warding  .     (no gloves)
rMut   .         NoTele   +     (no boots)
MR     .....                    (no amulet)
Stlth  +.........               q - ring "Memez" {*Drain +Inv +Fly Str+2 Int+4}
                                p - ring "Wamo" {rN+ Int+2}

@: not resistant to hostile enchantments, very unstealthy
A: retaliatory headbutt, horns 2
a: Burn Spellbooks, Berserk, Trog's Hand, Brothers in Arms, Renounce Religion,
Evoke Invisibility, Evoke Flight


You were in the Dungeon.
You worshipped Trog.
Trog was greatly pleased with you.
You were not hungry.

You visited 1 branch You collected 280 gold pieces.
You spent 258 gold pieces at shops.

Inventory:

Hand weapons
 a - a +0 hand axe (weapon)
Armour
 b - a +0 animal skin (worn)
Jewellery
 p - the ring "Wamo" (left hand) {rN+ Int+2}
   (You bought it in a shop in the Dungeon)

   [ring of positive energy]

   It affects your intelligence (+2).
   It protects you from negative energy.
 q - the ring "Memez" (right hand) {*Drain +Inv +Fly Str+2 Int+4}
   (You bought it in a shop in the Dungeon)

   [ring of flight]

   It affects your strength (+2).
   It affects your intelligence (+4).
   It lets you turn invisible.
   It lets you fly.
   It causes draining when unequipped.
Magical devices
 j - a wand of cold (5)
 k - a wand of fire (5)
Scrolls
 i - 4 scrolls of blinking
 l - 3 scrolls of fog
Potions
 d - 2 potions of curing
 e - 2 potions of heal wounds
 f - 4 potions of haste
 g - 2 potions of magic
 h - a potion of berserk rage
 m - a potion of resistance
 n - 4 potions of might
Comestibles
 c - a bread ration
 o - 2 chunks of flesh


   Skills:
 + Level 10.9 Fighting
 + Level 11.0 Axes
 - Level 4.7 Armour
 - Level 4.1 Dodging


You had 5 spell levels left.
You didn't know any spells.

Dungeon Overview and Level Annotations

Branches:
Dungeon (1/1)

Altars:
Cheibriados
Dithmenos
Fedhas
Gozag
Kikubaaqudgha
Makhleb
Okawaru
Qazlal
Ru
Sif Muna
Trog
Vehumet
Xom
Yredelemnul
Zin
The Shining One
Jiyva
Lugonu

Shops:
D *[%??*?*:[((!!!!


Innate Abilities, Weirdness & Mutations

You reflexively headbutt those who attack you in melee.
You have a pair of horns on your head.


Message History

You hit the wolf but do no damage. Your headbutt misses the wolf.
The wolf barely misses you.
You barely miss the hell hound. Your headbutt misses the hell hound.
You barely miss the hell hound. The hell hound breathes flames at you.
The blast of flame misses you.
A wolf comes into view.
You completely miss the hell hound.
The wolf howls!
You headbutt the hell hound!
The hell hound is moderately wounded.
The hell hound bites you.
* * * LOW HITPOINT WARNING * * *
Unknown command.
Unknown command.
You closely miss the hell hound.
The hell hound is moderately wounded.
The hell hound breathes flames at you. The blast of flame hits you!
You die...

###.........### #§h..........⌠#
######.8.........8.######
##∩___......###......__.∩##
###∩........8.# #.8.....)..∩###
#.............###.............##
⌠..........###...###..........⌠#
⌠..........# #.<.# #..........⌠#
⌠..........###..@###..........⌠#
#........)..[.###h............##
###∩........8.# #h8........∩###
##∩___......###......___∩##
######.8.........8.######
#⌠...........⌠# ###.........###
#........_# #_......._#


You could see a hell hound and 2 wolves.

Vanquished Creatures
  Sigmund (D)
  A hell hound (D)
  6 gnolls (D)
  An adder (D)
  A giant cockroach (D)
  A goblin (D)
  A hobgoblin (D)
12 creatures vanquished.

Notes
Turn   | Place    | Note
--------------------------------------------------------------
     0 | D        | nuthulu the Minotaur Berserker began the quest for the Orb.
     0 | D        | Reached XP level 1. HP: 19/19 MP: 0/0
     1 | D        | Found a shadowy altar of Dithmenos.
     2 | D        | Found an opulent altar of Gozag.
     2 | D        | Found a bloodstained altar of Trog.
     3 | D        | Found a stormy altar of Qazlal.
     4 | D        | Found Fiunwaixto's Distillery.
     4 | D        | Found a glowing golden altar of the Shining One.
     4 | D        | Found an iron altar of Okawaru.
     4 | D        | Found Xymeos's Do-It-Yourself Clinic.
     5 | D        | Found Gupysh's Distillery.
     5 | D        | Found Neabunaz's Bottled Wisdom.
     5 | D        | Round 1.
    13 | D        | Bought 6 potions of might for 168 gold pieces
    17 | D        | Found a basalt altar of Yredelemnul.
    21 | D        | Found a glowing silver altar of Zin.
    22 | D        | Found Lineh's Weapon Rack.
    24 | D        | Found a blossoming altar of Fedhas.
    24 | D        | Found a deep blue altar of Sif Muna.
    24 | D        | Found Toreiss's Premium Goods.
    24 | D        | Found Ucawn's Basic Armour.
    24 | D        | Found Tussach's Miscellaneous Merchandise.
    28 | D        | Found a viscous altar of Jiyva.
    29 | D        | Found a sacrificial altar of Ru.
    30 | D        | Found a radiant altar of Vehumet.
    31 | D        | Found Towaetei's Identification Station.
    31 | D        | Noticed Sigmund
    32 | D        | Found Ferump's Advanced Armour.
    32 | D        | Found Zuedonej's Jewellery.
    32 | D        | Found a corrupted altar of Lugonu.
    32 | D        | Found a snail-covered altar of Cheibriados.
    32 | D        | Found a shimmering altar of Xom.
    32 | D        | Found Wuimuu's Bee Food.
    41 | D        | Killed Sigmund
    41 | D        | Reached skill level 8 in Fighting
    41 | D        | Reached XP level 2. HP: 36/36 MP: 1/1
    41 | D        | Reached XP level 3. HP: 40/41 MP: 2/2
    41 | D        | Reached XP level 4. HP: 47/49 MP: 3/3
    41 | D        | Reached XP level 5. HP: 54/56 MP: 4/4
    64 | D        | Acquired Trog's second power
   141 | D        | Found an ancient bone altar of Kikubaaqudgha.
   141 | D        | Found a burning altar of Makhleb.
   141 | D        | Found Ucennic's Staff Store.
   141 | D        | Found Plog's Magic Scroll Shop.
   142 | D        | Found Kaush's Must-Have Magic.
   142 | D        | Found Wunotad's Magic Scroll Shop.
   167 | D        | Arena points: 12 (+12) [x2]
   167 | D        | Reached skill level 9 in Axes
   206 | D        | Round 2.
   211 | D        | Bought a scintillating ivory ring for 45 gold pieces
   211 | D        | Identified the ring "Wamo" {rN+ Int+2} (You bought it in a shop in the Dungeon)
   279 | D        | Acquired Trog's third power
   331 | D        | Arena points: 54 (+42) [x3]
   347 | D        | Bought a fine bronze ring for 45 gold pieces
   347 | D        | Identified the ring "Memez" {*Drain +Inv +Fly Str+2 Int+4} (You bought it in a shop in the Dungeon)
   367 | D        | Round 3.
   368 | D        | Noticed a hell hound
   381 | D        | Killed a hell hound
   381 | D        | Reached skill level 10 in Fighting
   381 | D        | Reached skill level 11 in Axes
   381 | D        | Reached XP level 6. HP: 4/67 MP: 5/5
   427 | D        | Noticed a wolf
   427 | D        | Noticed a hell hound
   437 | D        | Noticed a wolf
   438 | D        | Killed from afar by a hell hound

Vault maps used:
D:        arena_sprint

Action                   |  1- 3 |  4- 6 || total
-------------------------+-------+-------++-------
Melee: Hand axe          |     4 |    46 ||    50
Invok: Berserk           |     1 |       ||     1
  Use: Potion            |     1 |     3 ||     4
